Map: Odyssey LE

Players

Reynor - Winner!

  • Race: Zerg Zerg
  • League: Master
  • Spawn Location: 11:00

katie

  • Race: Protoss Protoss
  • League: Master
  • Spawn Location: 5:00

VOD

Have the link to the VOD?

Description

katie vs reynor

Time

  • Played on: Dec. 13, 2017, 12:17 p.m.
  • Length: 5:42
Show
View Real Time Build Order
Export as new Build Order

Reynor Zerg - Winner!

Build Orders: Hatch First 

Get SALT Encoding   

  12  0:04  Drone  
  13  0:18  Overlord  
  13  0:20  Drone  
  14  0:37  Drone x2  
  14  0:42  Drone  
  17  0:58  Drone  
  18  1:16  Drone  
  19  1:24  Drone, Extractor  
  19  1:28  Hatchery  
  19  1:31  Spawning Pool, Drone  
  18  1:39  Drone  
  19  1:47  Overlord  
  19  1:57  Drone  
  20  2:18  Queen  
  20  2:19  Zergling x4  
  24  2:28  Zergling x2  
  25  2:31  Metabolic Boost  
  25  2:43  Queen  
  26  2:47  Drone x2  
  28  2:52  Zergling x2  
  28  2:53  Drone  
  30  3:00  Evolution Chamber  
  30  3:04  Drone x2  
  31  3:10  Overlord  
  31  3:13  Zergling x2  
  32  3:25  Zergling x4  
  32  3:26  Queen  
  36  3:29  Zerg Melee Weapons Level 1  
  36  3:30  Zergling x6  
  39  3:36  Zergling x4  
  39  3:37  Baneling Nest  
  40  3:45  Zergling x2  
  40  3:48  Overlord  
  41  3:55  Zergling x2  
  42  3:58  Zergling x4  
  42  4:00  Overlord  
  44  4:07  Zergling x6  
  44  4:08  Zergling x2  
  48  4:15  Zergling x2  
  49  4:17  Zergling x2  
  49  4:20  Zergling x2  
  49  4:21  Baneling  
  49  4:22  Baneling x5  
  51  4:26  Spore Crawler  
  51  4:27  Zergling x2  
  51  4:28  Spore Crawler  
  51  4:31  Zergling x2  
  51  4:36  Zergling x4  
  51  4:37  Zergling x2  
  52  4:47  Overlord  
  53  4:52  Zergling x4  
  53  4:53  Zergling x2  
  53  4:55  Zergling x2  
  54  5:00  Zergling x2  
  54  5:06  Zergling x8  
  57  5:10  Baneling x3  
  57  5:12  Zergling x2  
  57  5:18  Zergling x2  
  57  5:19  Baneling  
  58  5:22  Zergling x2  
Show
View Real Time Build Order
Export as new Build Order

katie Protoss 

Build Orders: 1 Gate Expand 

Get SALT Encoding   

  12  0:01  Probe (Chrono Boost)  
  13  0:13  Probe  
  14  0:17  Pylon  
  14  0:26  Probe  
  15  0:40  Gateway  
  15  0:42  Probe  
  16  0:47  Assimilator  
  16  0:54  Probe  
  17  1:03  Pylon  
  17  1:06  Probe  
  18  1:18  Pylon  
  18  1:27  Zealot (Chrono Boost)  
  20  1:37  Nexus  
  20  1:39  Probe  
  21  1:54  Cybernetics Core  
  21  1:57  Zealot  
  21  1:59  Probe  
  24  2:08  Assimilator  
  24  2:11  Probe (Chrono Boost)  
  25  2:22  Probe (Chrono Boost)  
  26  2:30  Probe  
  26  2:33  Pylon  
  26  2:36  Gateway  
  27  2:40  Pylon, Warp Gate  
  27  2:44  Probe  
  26  2:59  Probe  
  27  3:05  Pylon, Stalker  
  29  3:15  Twilight Council  
  29  3:25  Robotics Facility  
  29  3:32  Probe (Chrono Boost)  
  30  3:36  Probe (Chrono Boost)  
  33  3:48  Probe (Chrono Boost)  
  33  3:53  Probe (Chrono Boost)  
  33  3:54  Probe  
  34  3:56  Probe  
  34  4:00  Gateway  
  34  4:01  Charge (Chrono Boost)  
  35  4:06  Probe, Gateway  
  36  4:21  Warp Prism  
  38  4:27  Gateway x2  
  38  4:31  Gateway  
  38  4:35  Pylon  
  38  4:37  Probe  
  39  4:44  Pylon  
  37  4:47  Gateway  
  37  4:48  Zealot  
  37  4:52  Shield Battery  
  39  4:55  Shield Battery  
  41  5:04  Pylon  
  41  5:06  Pylon  
  39  5:09  Gateway  
  39  5:12  Zealot  
  39  5:14  Zealot  
  33  5:23  Zealot  
  33  5:24  Zealot x2  
  33  5:27  Zealot  
Tags
 
Add a new tag
Caveats
  • Supply blocks, unpowered buildings, or Contaminate may cause inaccurate times.
  • Supply counts are checked every 10 seconds.